 Dungeon Crawl Stone Soup version 0.28-a0-851-g8b9cc49659 (webtiles) character file.

Game seed: 14263824004259087541

1064 LXRDSNXFF the Covered (level 8, 0/103 HPs)
             Began as a Minotaur Berserker on Nov 14, 2021.
             Was a Priest of Trog.
             Engulfed by a cloud of steam (20 damage)
             ... on level 5 of the Dungeon.
             The game lasted 00:21:33 (5291 turns).

LXRDSNXFF the Covered (Minotaur Berserker)          Turns: 5291, Time: 00:21:34

Health: 0/103      AC: 10    Str: 23    XL:     8   Next: 6%
Magic:  7/7        EV:  9    Int: -1    God:    Trog [***...]
Gold:   207        SH:  0    Dex: 11    Spells: 7/7 levels left

rFire   . . .      SeeInvis .   k - +0 scythe
rCold   . . .      Faith    .   (shield currently unavailable)
rNeg    . . .      Spirit   .   i - +0 chain mail
rPois   +          Reflect  .   (helmet restricted)
rElec   .          Harm     .   (no cloak)
rCorr   .          Rampage  +   (no gloves)
Will    .....                   (no boots)
Stlth   ..........              r - amulet of Reasoll {Rampage rPois Regen+ Int-5}
HPRegen 1.27/turn               (no ring)
MPRegen 0.10/turn               (no ring)

@: berserking (expiring), slowed, lost intelligence, unable to read
A: horns 2, retaliatory headbutt
a: Renounce Religion, Berserk, Trog's Hand


You were on level 5 of the Dungeon.
You worshipped Trog.
Trog was most pleased with you.
You visited 1 branch of the dungeon, and saw 5 of its levels.

You collected 207 gold pieces.

Inventory:

Hand Weapons
 a - a +0 hunting sling
 b - a +0 scimitar
 k - a +0 scythe (weapon)
 u - a +4 antimagic flail
Missiles
 l - 44 sling bullets
 o - 12 poisoned darts (quivered)
 w - 4 atropa-tipped darts
Armour
 i - a +0 chain mail (worn)
 p - a +0 tower shield
Jewellery
 r - the amulet of Reasoll (around neck) {Rampage rPois Regen+ Int-5}
   (You found it on level 4 of the Dungeon)

   [amulet of regeneration]

   Int:       It affects your intelligence (-5).
   rPois:     It protects you from poison.
   Regen:     It increases your rate of health regeneration.
   Rampage:   It bestows one free step when moving towards enemies.
 y - an amulet of the acrobat
Scrolls
 d - 2 scrolls of identify {unknown}
 f - a scroll of enchant weapon {unknown}
 h - 2 scrolls of noise {unknown}
 n - a scroll of amnesia {unknown}
 q - a scroll of fog {unknown}
 s - a scroll of summoning {unknown}
 t - a scroll of teleportation {unknown}
 v - 2 scrolls of blinking {unknown}
 z - a scroll of vulnerability {unknown}
Potions
 c - a potion of attraction {unknown}
 e - 2 potions of lignification {unknown}
 g - a potion of curing
 j - 2 potions of heal wounds {unknown}
 m - a potion of flight {unknown}
 x - a potion of might {unknown}


   Skills:
 + Level 5.5 Fighting
 + Level 5.8 Maces & Flails
 + Level 5.1 Polearms
 + Level 0.1 Throwing
 + Level 6.7 Armour
 + Level 3.4 Dodging
 + Level 1.9 Stealth


You had 7 spell levels left.
You didn't know any spells.
Your spell library was empty.

Dungeon Overview and Level Annotations

Branches:
Dungeon (5/15)
 Temple: D:4-7

Altars:


Innate Abilities, Weirdness & Mutations

You have a pair of horns on your head.
You reflexively headbutt those who attack you in melee.


Message History

You headbutt the steam dragon!
The steam dragon is moderately wounded.
You are engulfed in a cloud of scalding steam.
The steam dragon breathes steam at you. The ball of steam hits you!
* * * LOW HITPOINT WARNING * * *
The iguana closely misses you.
The steam dragon bites you but does no damage.
The steam dragon closely misses you. The iguana barely misses you.
You barely miss the steam dragon.
The steam dragon is moderately wounded.
The steam dragon bites you but does no damage.
The steam dragon claws you.
* * * LOW HITPOINT WARNING * * *
The iguana is engulfed in a cloud of scalding steam.
The iguana dies!
The steam dragon bites you.
* * * LOW HITPOINT WARNING * * *
The steam dragon completely misses you.
You are too berserk!
Unknown command.
Unknown command.
Unknown command.
You closely miss the steam dragon. You headbutt the steam dragon.
The steam dragon is heavily wounded.
The steam dragon breathes steam at you. The ball of steam hits you!
* * * LOW HITPOINT WARNING * * *
You barely miss the steam dragon.
The steam dragon is heavily wounded.
You are engulfed in a cloud of scalding steam.
The steam dragon bites you but does no damage.
The steam dragon claws you but does no damage.
The steam dragon closely misses you.
The steam dragon claws you but does no damage.
You slash the steam dragon! You headbutt the steam dragon.
You kill the steam dragon!
Trog accepts your kill.
You are engulfed in a cloud of scalding steam.
You die...

# ..#.#......(.### #
..#............## #
#.#......[......# #
#.##........#...# #
#.#.#...........###
###.#.#.............#
....#...............#
....÷...#......§...##
....#.#........†@..#####
....#.#.........§......#
###.##.................#
..###................#
..#.#.##........#...##
...#...........§######
##.#.#..#.#.....##
###..#.#......#
#............##


There were no monsters in sight!

Vanquished Creatures
  A steam dragon (D:5)
  Sigmund (D:2)
  Edmund (D:5)
  An ice beast (D:5)
  An ogre (D:5)
  Blork the orc (D:4)
  4 hounds
  A centaur zombie (D:5)
  An orc priest (D:3)
  A jelly (D:5)
  Crazy Yiuf (D:2)
  A bullfrog skeleton (D:5)
  2 iguanas (D:5)
  Jessica (D:3)
  An orc wizard (D:3)
  4 gnolls (D:3)
  6 adders
  2 worms
  12 orcs
  6 ball pythons
  9 endoplasms
  4 giant cockroaches
  3 goblins
  9 hobgoblins
  4 jackals (D:3)
  7 quokkas
  4 bats
  3 frilled lizards
  4 kobolds
  3 rats
99 creatures vanquished.

Vanquished Creatures (others)
  An iguana (D:5)
  An adder (D:5)
2 creatures vanquished.

Grand Total: 101 creatures vanquished

Notes
Turn   | Place    | Note
-------+----------+-------------------------------------------
     0 | D:1      | LXRDSNXFF the Minotaur Berserker began the quest for the
                  | Orb.
     0 | D:1      | Reached XP level 1. HP: 19/19 MP: 0/0
   643 | D:2      | Reached XP level 2. HP: 27/27 MP: 1/1
  1068 | D:1      | Found a faded altar of an unknown god.
  1085 | D:1      | Reached XP level 3. HP: 20/33 MP: 2/2
  1539 | D:1      | Reached ** piety under Trog
  1816 | D:2      | Noticed Sigmund
  1822 | D:2      | Killed Sigmund
  1823 | D:2      | Reached skill level 5 in Fighting
  1823 | D:2      | Reached skill level 5 in Maces & Flails
  1823 | D:2      | Reached skill level 1 in Stealth
  1823 | D:2      | Reached XP level 4. HP: 42/42 MP: 3/3
  1823 | D:2      | Reached XP level 5. HP: 48/48 MP: 4/4
  2291 | D:2      | Found a runed translucent door.
  2292 | D:2      | Noticed Crazy Yiuf
  2300 | D:2      | Killed Crazy Yiuf
  2650 | D:3      | Noticed Jessica
  2651 | D:3      | Reached skill level 3 in Armour
  2656 | D:3      | Reached XP level 6. HP: 29/56 MP: 5/5
  2662 | D:3      | Killed Jessica
  2936 | D:3      | Reached skill level 1 in Polearms
  3504 | D:3      | Reached skill level 4 in Armour
  4094 | D:4      | Reached *** piety under Trog
  4283 | D:4      | Identified the amulet of Reasoll {Rampage rPois Regen+
                  | Int-5}
  4290 | D:4      | Lost intelligence.
  4458 | D:4      | Noticed Blork the orc
  4466 | D:4      | Killed Blork the orc
  4467 | D:4      | Reached XP level 7. HP: 35/61 MP: 6/6
  4703 | D:5      | Entered Level 5 of the Dungeon
  4705 | D:5      | Noticed Edmund
  4712 | D:5      | Reached skill level 5 in Armour
  4718 | D:5      | Killed Edmund
  4930 | D:5      | Reached skill level 6 in Armour
  5020 | D:5      | Reached skill level 5 in Polearms
  5026 | D:5      | Reached XP level 8. HP: 60/69 MP: 7/7
  5291 | D:5      | Engulfed by a cloud of steam

Illustrated notes

Levels and vault maps discovered:
D:1:      dpeg_arrival_castle, layout_basic,
          hellmonk_ecumenical_altar_pennies_from_heaven
D:2:      layout_loops_ring, minmay_misc_feat_room, grunt_ministairs_12,
          uniq_crazy_yiuf_cottage, uniq_sigmund
D:3:      layout_rooms, minivault_27, serial_park_tiny_pond, uniq_jessica
D:4:      layout_basic, eino_small_chamber_without_monster, minmay_statues_item,
          minivault_25, uniq_blork_the_orc
D:5:      minmay_recursive_quarters, layout_cave_pools, grunt_ministairs_3,
          uniq_edmund

Skill      XL: |  1  2  3  4  5  6  7 |
---------------+----------------------+-----
Fighting       | 4 5 |  5.5
Maces & Flails | 4 5 |  5.8
Stealth        | 1 |  1.9
Dodging        | 3 |  3.4
Armour         | 3 4 6 |  6.7
Polearms       | 2 5 |  5.1
Throwing       | |  0.1

Action                   |  1- 3 |  4- 6 |  7- 9 || total
-------------------------+-------+-------+-------++-------
Melee: Mace              |    65 |       |       ||    65
       Headbutt          |    10 |    16 |    11 ||    37
       Scythe            |       |   106 |    52 ||   158
Throw: Dart              |       |     3 |    12 ||    15
Invok: Berserk           |     2 |     3 |     3 ||     8
 Stab: Sleeping          |     1 |       |       ||     1
Armor: Animal skin       |     7 |       |       ||     7
       Chain mail        |     8 |   101 |    83 ||   192
Dodge: Dodged            |    48 |    75 |    70 ||   193

Table legend: (Time is in decaauts)
 A = Elapsed time spent in this place.
 B = Non-inter-level travel time spent in this place.
 C = Inter-level travel time spent in this place.
 D = Time resting spent in this place.
 E = Time spent auto-exploring this place.
 F = Levels seen in this place.
 G = Mean time per level.
                   A        B        C        D        E       F      G
               +--------+--------+--------+--------+--------+-----+--------+
         Total |   5996 |   5492 |    504 |   1379 |   2837 |   5 | 1199.2 |
       Dungeon |   5996 |   5492 |    504 |   1379 |   2837 |   5 | 1199.2 |
               +--------+--------+--------+--------+--------+-----+--------+

Top non-repeatable levels by time:
     D:2: 1768 daAuts
     D:3: 1385 daAuts
     D:4: 975 daAuts
     D:1: 940 daAuts
     D:5: 927 daAuts
